 Dungeon Crawl Stone Soup version 0.29.1 (webtiles) character file.

Game seed: 14917326895002946128

408 Artool the Ducker (level 6, -3/48 HPs)
             Began as a Demonspawn Gladiator on Sept 14, 2022.
             Slain by a gnoll
             ... wielding a +0 halberd
              (5 damage)
             ... on level 4 of the Dungeon.
             The game lasted 00:09:08 (3421 turns).

Artool the Ducker (Demonspawn Gladiator)            Turns: 3421, Time: 00:09:09

Health: -3/48      AC:  8    Str: 17    XL:     6   Next: 57%
Magic:  4/6        EV: 13    Int:  9    God:
Gold:   255        SH:  0    Dex: 14    Spells: 3/5 levels left

rFire   . . .      SeeInvis .   r - +5 spear "Suwuenta" {chaos, rN+ Will+}
rCold   + . .      Faith    .   (no shield)
rNeg    + . .      Spirit   .   b - +0 leather armour
rPois   .          Reflect  .   (helmet restricted)
rElec   .          Harm     .   j - +1 cloak
rCorr   .          Rampage  .   n - +0 pair of gloves
Will    +....                   (no boots)
Stlth   +.........              (no amulet)
HPRegen 0.16/turn               o - ring of protection from cold
MPRegen 0.10/turn               h - ring of wizardry

@: on blink cooldown
A: horns 1, thin metallic scales 1, demonic guardian 1, demonic magic 1
a: no special abilities


You were on level 4 of the Dungeon.
You visited 1 branch of the dungeon, and saw 4 of its levels.

You collected 255 gold pieces.

Inventory:

Hand Weapons
 a - a +0 flail
 i - a +0 whip
 r - the +5 spear "Suwuenta" (weapon) {chaos, rN+ Will+}
   (You found it on level 2 of the Dungeon)

   Each time it hits an enemy it has a different, random effect.
   rN:        It protects you from negative energy.
   Will:      It increases your willpower.
 v - a +1 whip of electrocution
Missiles
 d - 3 throwing nets (quivered)
 e - a javelin
 w - 9 poisoned darts
 C - 2 atropa-tipped darts
Armour
 b - a +0 leather armour (worn)
 c - a +0 helmet
 j - a +1 cloak (worn)
 n - a +0 pair of gloves (worn)
Jewellery
 h - a ring of wizardry (right hand)
 o - a ring of protection from cold (left hand)
Wands
 t - a wand of flame (28)
 y - a wand of charming (7)
Scrolls
 g - 6 scrolls of identify {unknown}
 p - 2 scrolls of summoning {unknown}
 s - a scroll of magic mapping {unknown}
 x - a scroll of poison {unknown}
 A - a scroll of fear {unknown}
 B - a scroll of brand weapon {unknown}
 D - a scroll of teleportation {unknown}
Potions
 f - 2 potions of heal wounds {unknown}
 k - 2 potions of attraction {unknown}
 l - 2 potions of lignification {unknown}
 m - a potion of curing {unknown}
 q - a potion of might {unknown}
 u - a potion of invisibility {unknown}
 z - a potion of mutation {unknown}


   Skills:
 + Level 3.6 Fighting
 + Level 4.0 Maces & Flails
 - Level 1.7 Throwing
 + Level 2.6 Armour
 + Level 4.0 Dodging
 + Level 1.6 Translocations


You had 3 spell levels left.
You knew the following spells:

 Your Spells              Type           Power      Damage    Failure   Level
a - Blink                 Tloc           4%         N/A       16%         2

Your spell library contained the following spells:

 Spells                   Type           Power      Damage    Failure   Level
 Ensorcelled Hibernation  Hex/Ice        0%         N/A       28%         2
 Passwall                 Tmut/Erth      0%         N/A       28%         2
 Ignite Poison            Fire/Tmut/Pois 0%         N/A       47%         3
 Mephitic Cloud           Conj/Pois/Air  0%         N/A       47%         3
 Swiftness                Air            0%         N/A       47%         3
 Tukima's Dance           Hex            0%         N/A       47%         3
 Passage of Golubria      Tloc           2%         N/A       65%         4
 Manifold Assault         Tloc           2%         N/A       93%         5
 Freezing Cloud           Conj/Ice/Air   0%         6-21      99%         5
 Yara's Violent Unravell  Hex/Tmut       0%         3d3       99%         5
 Storm Form               Tmut/Air       0%         N/A       100%        7


Dungeon Overview and Level Annotations

Branches:
Dungeon (4/15)
 Temple: D:4-7

Altars:
Makhleb
Nemelex Xobeh
Okawaru


Innate Abilities, Weirdness & Mutations

You have a pair of small horns on your head.
You are partially covered in thin metallic scales. (AC +2)
A weak demonic guardian rushes to your aid.
Spells you cast may paralyse adjacent enemies.


Message History

You are held in a net!
You are held in a net!
You are held in a net!
You are held in a net!
You tear a large gash into the net.
You shred the net and break free!
The gnoll hits you from afar with a +0 halberd!
Found a fuming grey potion.
The gnoll misses you. The gnoll completely misses you.
You hit the gnoll.
The gnoll is poisoned.
The gnoll is moderately wounded.
The gnoll closely misses you. x2
You puncture the gnoll! You burn the gnoll.
You kill the gnoll!
The gnoll hits you with a +0 halberd! The ball python closely misses you. x2
The gnoll hits you with a +0 halberd!
The ball python attacks as you move away!
The ball python closely misses you. The ball python barely misses you.
The gnoll hits you from afar with a +0 halberd!
* * * LOW HITPOINT WARNING * * *
A demonic guardian appears!
You are too injured to fight recklessly!
You are too injured to fight recklessly!
You are too injured to fight recklessly!
You closely miss the ball python. Your headbutt misses the ball python.
Your quasit bites the ball python.
The ball python dies!
The gnoll hits you from afar with a +0 halberd!
* * * LOW HITPOINT WARNING * * *
Sorry, you're not good enough to have a special ability.
Casting: Blink (safe; 16% risk of failure)
Confirm with . or Enter, or press ? or * to list all spells.
You blink.
Malevolent energies surge around you.
Casting: Blink (safe; 16% risk of failure)
Confirm with . or Enter, or press ? or * to list all spells.
You are still too unstable to blink.
Your quasit bites the gnoll.
Your quasit barely misses the gnoll.
Your quasit claws the gnoll but does no damage.
The gnoll hits you with a +0 halberd.
You die...

##...###.## .........#
##.....##... .........#
###.......#.## ....!....#
#....._....)# .........#
#.#.......#.#
.........###.##.....##.#
.....>...##†§###...##..##
.........)5....##.##.....
........@g#####........##
....#####.# #.......... #
#.# ########### ... .....
#..# ##### ##.. ... ###


You could see a gnoll (ally target) and a friendly quasit (summoned).

Vanquished Creatures
  Sigmund (D:3)
  An ogre (D:4)
  A crimson imp (D:3)
  Ijyb (D:3)
  5 gnolls
  An adder (D:2)
  A worm (D:2)
  3 dart slugs
  3 orcs (D:3)
  8 ball pythons
  2 endoplasms (D:1)
  5 giant cockroaches
  2 goblins (D:1)
  3 hobgoblins (D:1)
  4 bats
  2 frilled lizards
  A goblin skeleton (D:3)
  A hobgoblin zombie (D:3)
  5 kobolds
  A kobold skeleton (D:3)
  A kobold zombie (D:3)
  3 orc skeletons (D:3)
  3 orc zombies (D:3)
  3 rats
61 creatures vanquished.

Vanquished Creatures (collateral kills)
  A ball python (D:4)
1 creature vanquished.

Grand Total: 62 creatures vanquished

Notes
Turn   | Place    | Note
-------+----------+-------------------------------------------
     0 | D:1      | Artool the Demonspawn Gladiator began the quest for the
                  | Orb.
     0 | D:1      | Reached XP level 1. HP: 16/16 MP: 1/1
   588 | D:1      | Gained mutation: Spells you cast may paralyse adjacent
                  | enemies. [demonic ancestry]
   588 | D:1      | Reached XP level 2. HP: 22/22 MP: 2/2
   706 | D:1      | Found a faded altar of an unknown god.
  1487 | D:2      | Reached skill level 1 in Armour
  1492 | D:2      | Identified the +5 spear "Suwuenta" {chaos, rN+ Will+}
  1516 | D:2      | Reached XP level 3. HP: 27/28 MP: 3/3
  1758 | D:2      | Gained mutation: You are partially covered in thin metallic
                  | scales. (AC +2) [demonic ancestry]
  1758 | D:2      | Reached XP level 4. HP: 9/34 MP: 4/4
  2282 | D:2      | Learned a level 2 spell: Blink
  2686 | D:3      | Found a burning altar of Makhleb.
  2864 | D:3      | Noticed Sigmund
  2877 | D:3      | Killed Sigmund
  2878 | D:3      | Reached skill level 1 in Translocations
  2878 | D:3      | Gained mutation: You have a pair of small horns on your
                  | head. [demonic ancestry]
  2878 | D:3      | Reached XP level 5. HP: 38/41 MP: 5/5
  2878 | D:3      | Gained mutation: A weak demonic guardian rushes to your
                  | aid. [demonic ancestry]
  2878 | D:3      | Reached XP level 6. HP: 44/47 MP: 6/6
  2895 | D:3      | Found a sparkling altar of Nemelex Xobeh.
  2952 | D:3      | Noticed Ijyb
  2966 | D:3      | Killed Ijyb
  3372 | D:4      | Found an iron altar of Okawaru.
  3419 | D:4      | HP: 2/48 [gnoll/+0 halberd (9)]
  3421 | D:4      | Slain by a gnoll

Illustrated notes

Levels and vault maps discovered:
D:1:      lightli_arrival_boilingwater, layout_basic,
          hellmonk_ecumenical_altar_arch_garden
D:2:      layout_basic, serial_glass, glass_columns_b, glass_columns_b,
          glass_columns_c, glass_columns_a, glass_columns_a, glass_columns_a,
          glass_columns_a, glass_columns_b
D:3:      layout_loops_corners, lemuel_doored_altar,
          nicolae_tso_besieged_by_evil, mainiacjoe_overflow_tiny_flanked,
          uniq_sigmund, uniq_ijyb
D:4:      layout_basic, lemuel_round_altar, serial_shops,
          nicolae_take_the_stairs, grunt_decor_junction

Skill      XL: |  1  2  3  4  5  6 |
---------------+-------------------+-----
Maces & Flails | 3 4 |  4.0
Dodging        | 3 4 |  4.0
Armour         | 1 2 |  2.6
Fighting       | 3 |  3.6
Translocations | 1 |  1.6
Throwing       | |  1.7

Action                   |  1- 3 |  4- 6 || total
-------------------------+-------+-------++-------
Melee: Flail             |     9 |       ||     9
       Whip              |    71 |       ||    71
       Spear             |    21 |    85 ||   106
       Punch             |       |     1 ||     1
       Headbutt          |       |     3 ||     3
 Cast: Blink             |       |     1 ||     1
 Stab: Sleeping          |     2 |       ||     2
Armor: Leather armour    |    27 |    25 ||    52
Dodge: Dodged            |    54 |    50 ||   104
